AoeStats
← Blazing Cartesia, The Virtuous

Scandinavia

510377096Analyzed
1v1 RM · 15h ago on Sep 30, 2026· 58m 17s· 2 players
Game mode
Random Map
Map size
Tiny (2 player)
Population
200
Speed
Normal
Resources
Standard
Victory
Conquest
Starting age
Dark Age
Ending age
Imperial Age
RankedLock teamsTeams togetherTeam positionsShared explorationLock speedFull tech treeHidden civsTurbo modeCheats
Victory
Defeat
🇩🇪 Persians · Germany
1230
+18
1277
-18
Blazing Cartesia, The Virtuous
6:37 Loom
9:49 Feudal Age
9:55 Man-at-Arms
13:50 Horse Collar
16:03 Fletching
17:26 Scale Mail Armor
22:50 Castle Age
21:38 Gold Mining
23:14 Pikeman
23:14 Long Swordsman
23:44 Double-Bit Axe
24:21 Forging
25:45 Squires
38:39 Heavy Plow
42:25 Imperial Age
40:21 Chain Mail Armor
40:22 Elite Skirmisher
42:17 Bodkin Arrow
43:03 Padded Archer Armor
43:33 Ballistics
44:13 Bracer
45:15 Siege Engineers
51:16 Conscription
52:50 Chieftains
57:17 Crop Rotation
TheSharkus
7:26 Loom
10:55 Feudal Age
16:20 Double-Bit Axe
16:16 Horse Collar
22:05 Castle Age
21:39 Fletching
21:50 Padded Archer Armor
22:01 Elite Skirmisher
23:10 Bodkin Arrow
24:38 Town Watch
27:20 Ballistics
27:52 Leather Archer Armor
27:46 Husbandry
28:10 Bloodlines
28:23 Light Cavalry
30:37 Heavy Plow
38:23 Wheelbarrow
42:21 Imperial Age
43:05 Parthian Tactics
42:46 Thumb Ring
44:16 Conscription
46:20 Ring Archer Armor
46:44 Citadels
46:06 Hussar
48:28 Chemistry
49:12 Scale Barding Armor
49:17 Forging
50:52 Hand Cart
50:38 Town Patrol
51:35 Hoardings
51:14 Masonry
53:41 Capped Ram
55:55 Siege Ram
56:38 Heavy Cavalry Archer
Connection lost

Rejoining the realm…

Still unreachable

The connection could not be restored.

Session expired

The server has moved on; the page needs a fresh start.